 Dungeon Crawl Stone Soup version 0.15-a0-33-ga435e27 (webtiles) character file.

233 Merlin the Sneak (level 5, -3/42 HPs)
             Began as a Naga Wizard on Apr 1, 2014.
             Slain by dragonhide's ghost (8 damage)
             ... on Level 4 of the Dungeon.
             The game lasted 00:20:54 (3005 turns).

Merlin the Sneak (Naga Wizard)                      Turns: 3005, Time: 00:20:54

HP  -3/42        AC  6     Str  9      XL: 5   Next:  7%
MP  11/12        EV  9     Int 19      God:
Gold 110         SH  0     Dex 13      Spells:  4 memorised,  3 levels left

rFire  + . .     SeeInvis +     k - +2,+3 whip (venom)
rCold  . . .     Clarity  .     y - +2 robe
rNeg   . . .     Conserve .     (no shield)
rPois  +         rCorr    .     b - +0 hat
rElec  .         rRot     .     v - +1 cloak
SustAb . .       Spirit   .     (no gloves)
rMut   .         Warding  .     (no barding)
Saprov . . .     Stasis   .     (no amulet)
MR     .....                    r - +3 ring of dexterity
                                w - ring of protection from fire {unknown}

@: about to teleport, drained, very slow, not resistant to hostile enchantments,
stealthy
A: spit poison, see invisible, deformed body, poison resistance, slowness 2, AC
+1
a: Spit Poison


You were on level 4 of the Dungeon.
You were not hungry.

You visited 1 branch of the dungeon, and saw 4 of its levels.

You collected 110 gold pieces.

Inventory:

Hand weapons
 k - a +2,+3 whip of venom (weapon)
Missiles
 a - 19 darts (quivered)
 z - 8 poisoned tomahawks
Armour
 b - a +0 hat (worn)
 v - a +1 cloak (worn)
 y - a +2 robe (worn)
Comestibles
 d - 3 bread rations
 f - a meat ration
 g - a chunk of worm flesh
 s - a choko
 u - an apple
 A - 2 chunks of jackal flesh
 D - a chunk of hobgoblin flesh
Scrolls
 l - a scroll of identify
 n - 2 scrolls of amnesia
 B - a scroll of blinking {unknown}
Jewellery
 r - a +3 ring of dexterity (right hand)
 w - a ring of protection from fire (left hand) {unknown}
Potions
 e - a potion of agility {unknown}
 h - 3 potions of brilliance {unknown}
 j - a potion of beneficial mutation
 m - 2 potions of haste {unknown}
 o - 4 potions of heal wounds
 p - a potion of paralysis {unknown}
 q - a potion of invisibility {unknown}
 t - 2 potions of restore abilities {unknown}
 x - a potion of cure mutation {unknown}
Books
 c - a book of Minor Magic

   Spells                             Type                      Level
   *Magic Dart                        Conjuration                  1
   *Blink                             Translocation                2
   Call Imp                           Summoning                    2
   *Repel Missiles                    Charms/Air                   2
   Slow                               Hexes                        2
   Conjure Flame                      Conjuration/Fire             3
   *Mephitic Cloud                    Conjuration/Poison/Air       3


   Skills:
 - Level 1.5(1.1) Dodging
 + Level 4.2(3.8) Stealth
 + Level 3.8(3.4) Spellcasting
 + Level 2.2(1.8) Conjurations
   Level 1.0(0.6) Summonings
 - Level 1.0(0.6) Translocations
 + Level 1.3(0.9) Air Magic
 + Level 2.0(1.6) Poison Magic


You had 3 spell levels left.
You knew the following spells:

 Your Spells              Type           Power        Failure   Level  Hunger
a - Magic Dart            Conj           ##..         10%         1    None
b - Blink                 Tloc           N/A          17%         2    ##.....
c - Mephitic Cloud        Conj/Pois/Air  #.......     28%         3    ###....
d - Repel Missiles        Chrm/Air       #.....       21%         2    ##.....


Dungeon Overview and Level Annotations

Branches:
Dungeon (4/15)
 Temple: D:4-7

Altars:
Dithmenos
Trog

Annotations:
D:4 dragonhide's ghost, average CeGl


Innate Abilities, Weirdness & Mutations

You cannot wear boots.
You can spit poison.
Your serpentine skin is tough (AC +1).
You have supernaturally acute eyesight.
Armour fits poorly on your strangely shaped body.
Your system is resistant to poisons.
You cover ground very slowly.


Message History

Dragonhide's ghost is lightly damaged.
Dragonhide's ghost hits you! Dragonhide's ghost hits you.
Dragonhide's ghost freezes you.
You hit dragonhide's ghost.
Dragonhide's ghost is lightly damaged.
Dragonhide's ghost laughs crazily.
Dragonhide's ghost hits you.
You barely miss dragonhide's ghost.
Dragonhide's ghost is lightly damaged.
Dragonhide's ghost barely misses you. Dragonhide's ghost hits you!
* * * LOW HITPOINT WARNING * * *
You feel drained.
* * * LOW HITPOINT WARNING * * *
Read which item? (? for menu, Esc to quit)
As you read the scroll of teleportation, it crumbles to dust.
You feel strangely unstable.
Dragonhide's ghost hits you but does no damage.
Dragonhide's ghost closely misses you. Dragonhide's ghost hits you!
You die...

######.# #.# #.# #.# #.#
#.# #.########.######.
######..................
..........#####.........
..........# #..#####..
#####%###.# #..+
...%....#.# #.@#
........#.# #.p#
+########.#####..#
......)..........#
...................
..........(.........
#####################


You could see dragonhide's ghost.

Vanquished Creatures
  Jessica (D:2)
  2 adders
  A worm (D:4)
  An ooze (D:1)
  A ball python (D:2)
  4 giant cockroaches
  8 goblins
  8 hobgoblins
  18 jackals
  3 bats
  4 giant geckos
  2 giant newts
  9 kobolds
  12 rats
74 creatures vanquished.

Notes
Turn   | Place    | Note
--------------------------------------------------------------
     0 | D:1      | Merlin, the Naga Wizard, began the quest for the Orb.
     0 | D:1      | Reached XP level 1. HP: 15/15 MP: 4/4
   383 | D:1      | Reached XP level 2. HP: 22/22 MP: 4/6
   391 | D:1      | Learned a level 2 spell: Blink
   994 | D:1      | Reached XP level 3. HP: 25/28 MP: 1/8
  1271 | D:1      | Learned a level 3 spell: Mephitic Cloud
  1493 | D:2      | Learned a level 2 spell: Repel Missiles
  1613 | D:2      | Noticed Jessica
  1694 | D:2      | Reached skill level 1 in Poison Magic
  1694 | D:2      | Reached XP level 4. HP: 27/36 MP: 10/10
  1907 | D:2      | Found a shadowy altar of Dithmenos.
  2049 | D:2      | Reached skill level 4 in Stealth
  2101 | D:2      | Killed Jessica
  2101 | D:2      | Reached skill level 1 in Air Magic
  2551 | D:3      | Found a bloodstained altar of Trog.
  2945 | D:4      | Reached XP level 5. HP: 42/42 MP: 12/12
  2997 | D:4      | Noticed dragonhide's ghost (average CeGl)
  3005 | D:4      | Slain by dragonhide's ghost

Action                   |  1- 3 |  4- 6 || total
-------------------------+-------+-------++-------
Melee: Whip              |    75 |    80 ||   155
Throw: Dart              |       |     2 ||     2
 Cast: Magic Dart        |    55 |     8 ||    63
  Use: Scroll            |     5 |     4 ||     9
 Stab: Sleeping          |       |     4 ||     4
